 Dungeon Crawl Stone Soup version 0.28-a0-938-gbc3f381ebc (webtiles) character file.

Game seed: 3551534831517704630

26 ytrimaz the Firebug (level 2, -2/21 HPs)
             Began as a Demonspawn Fire Elementalist on Nov 28, 2021.
             Slain by an orc (4 damage)
             ... on level 1 of the Dungeon.
             The game lasted 00:04:19 (1781 turns).

ytrimaz the Firebug (Demonspawn Fire Elementalist)  Turns: 1781, Time: 00:04:20

Health: -2/21      AC:  8    Str:  8    XL:     2   Next: 89%
Magic:  5/5        EV:  7    Int: 16    God:
Gold:   20         SH:  0    Dex: 13    Spells: 4/5 levels left

rFire   . . .      SeeInvis .   f - +0 spear
rCold   . . .      Faith    .   (no shield)
rNeg    . . .      Spirit   .   d - +0 chain mail
rPois   .          Reflect  .   (helmet restricted)
rElec   .          Harm     .   (no cloak)
rCorr   .          Rampage  .   (no gloves)
Will    .....                   (no boots)
Stlth   ..........              (no amulet)
HPRegen 0.07/turn               b - +4 ring of evasion
MPRegen 0.09/turn               (no ring)

@: no status effects
A: antennae 1
a: no special abilities


You were on level 1 of the Dungeon.
You visited 1 branch of the dungeon, and saw 2 of its levels.

You collected 20 gold pieces.

Inventory:

Hand Weapons
 f - a +0 spear (weapon)
Armour
 d - a +0 chain mail (worn)
Jewellery
 b - a +4 ring of evasion (left hand)


   Skills:
 * Level 1.2 Fighting
 * Level 0.2 Polearms
 * Level 1.0 Armour
 - Level 1.7 Dodging
 - Level 1.7 Stealth
 - Level 2.0 Spellcasting
 - Level 1.0 Conjurations
 - Level 2.9 Fire Magic
 - Level 0.2 Air Magic
 - Level 0.3 Invocations
 - Level 0.2 Evocations


You had 4 spell levels left.
You knew the following spells:

 Your Spells              Type           Power      Damage    Failure   Level
a - Foxfire               Conj/Fire      28%        2x1d5     100%        1

Your spell library contained the following spells:

 Spells                   Type           Power      Damage    Failure   Level
 Scorch                   Fire           22%        2d6       100%        2
 Conjure Flame            Conj/Fire      7%         6-21      100%        3
 Inner Flame              Hex/Fire       6%         N/A       100%        3
 Flame Wave               Conj/Fire      7%         2d4       100%        4


Dungeon Overview and Level Annotations

Branches:
Dungeon (2/15)

Altars:

Shops:
D:1 ([[


Innate Abilities, Weirdness & Mutations

You have a pair of small antennae on your head.


Message History

The orc closely misses you.
You closely miss the orc.
The orc is almost dead.
The orc hits you but does no damage. The orc hits you with a +0 short sword.
* * * LOW HITPOINT WARNING * * *
Unknown command.
You hit the orc.
You kill the orc!
The orc hits you but does no damage.
Unknown command.
Things that are here:
a +0 short sword; a +0 leather armour; an orc corpse You barely miss the orc.
The orc barely misses you.
You hit the orc but do no damage. The orc barely misses you.
You hit the orc.
The orc is heavily wounded.
The orc hits you but does no damage.
You hit the orc but do no damage.
The orc is heavily wounded.
The orc barely misses you.
You completely miss the orc.
The orc is heavily wounded.
The orc hits you but does no damage.
You closely miss the orc.
The orc is heavily wounded.
The orc hits you with a +0 short sword.
* * * LOW HITPOINT WARNING * * *
You hit the orc.
The orc is severely wounded.
The orc hits you with a +0 short sword.
* * * LOW HITPOINT WARNING * * *
Unknown command.
You hit the orc but do no damage.
The orc is severely wounded.
The orc hits you but does no damage.
Unknown command.
You barely miss the orc.
The orc is severely wounded.
The orc hits you but does no damage. The orc hits you with a +0 short sword.
You die...

#########..##.##
...........##..#
#######...∩....#
.......###.....#
........##..##.#
######.###..############
####...................#
..##.#.###############.###
#.##.#.###.#...o@..#.....#
#.#........#.#####.#....##
..#.##.....#.# #.#.#.)##
..........P#)# #.#.....#
.........P≈#># #.####.##
........P≈≈#.# #......#
.......P≈≈≈#.# ########
P.....P≈≈≈≈#.#
≈P.<.P≈≈≈≈≈#.#


You could see an orc.

Vanquished Creatures
  An orc (D:1)
  5 endoplasms
  2 hobgoblins (D:1)
  3 jackals (D:1)
  A quokka (D:1)
  A ball python (D:1)
  A bat (D:1)
  2 frilled lizards
  3 goblins
  2 kobolds
  2 rats (D:1)
23 creatures vanquished.

Vanquished Creatures (collateral kills)
  A foxfire (D:1)
1 creature vanquished.

Vanquished Creatures (others)
  54 foxfires (D:1)
54 creatures vanquished.

Grand Total: 78 creatures vanquished

Notes
Turn   | Place    | Note
-------+----------+-------------------------------------------
     0 | D:1      | ytrimaz the Demonspawn Fire Elementalist began the quest
                  | for the Orb.
     0 | D:1      | Reached XP level 1. HP: 13/13 MP: 3/3
    40 | D:1      | Found Taitray's Armour Boutique.
   181 | D:1      | Found Kynoll's Armour Emporium.
   487 | D:1      | Found Dailouge's Antique Weapon Boutique.
   494 | D:1      | Gained mutation: You have a pair of small antennae on your
                  | head. [demonic ancestry]
   494 | D:1      | Reached XP level 2. HP: 20/20 MP: 1/5
   786 | D:1      | Found a faded altar of an unknown god.
   888 | D:1      | Reached skill level 1 in Fighting
  1362 | D:2      | Reached skill level 1 in Armour
  1762 | D:1      | HP: 1/21 [orc (4)]
  1781 | D:1      | Slain by an orc

Illustrated notes

Levels and vault maps discovered:
D:1:      eino_arrival_druids_welcome, layout_basic,
          chequers_ecumenical_altar_lobes, serial_shops,
          nicolae_shop_temple_entry_statues_fountains, nicolae_shop_stone,
          nicolae_square_shop
D:2:      layout_rooms

Skill      XL: |  1  2 |
---------------+-------+-----
Fighting       | 1 |  1.2
Armour         | 1 |  1.0
Polearms       | |  0.2
Dodging        | |  1.7
Stealth        | |  1.7
Spellcasting   | |  2.0
Conjurations   | |  1.0
Fire Magic     | |  2.9
Air Magic      | |  0.2
Invocations    | |  0.3
Evocations     | |  0.2

Action                   || total
-------------------------++-------
Melee: Unarmed           ||     1
       Spear             ||    35
 Cast: Foxfire           ||    50
  Use: Scroll            ||     6
       Potion            ||     2
Armor: Chain mail        ||    30
       Robe              ||     6
Dodge: Dodged            ||    66

Table legend: (Time is in decaauts)
 A = Elapsed time spent in this place.
 B = Non-inter-level travel time spent in this place.
 C = Inter-level travel time spent in this place.
 D = Time resting spent in this place.
 E = Time spent auto-exploring this place.
 F = Levels seen in this place.
 G = Mean time per level.
                   A        B        C        D        E       F      G
               +--------+--------+--------+--------+--------+-----+--------+
         Total |   1783 |   1711 |     72 |    253 |    982 |   2 |  891.5 |
       Dungeon |   1783 |   1711 |     72 |    253 |    982 |   2 |  891.5 |
               +--------+--------+--------+--------+--------+-----+--------+

Top non-repeatable levels by time:
     D:1: 1322 daAuts
     D:2: 460 daAuts
